 Dungeon Sprint DCSS version 0.29-a0-322-g68df515428 (webtiles) character file.

Game seed: 10755072157174953466

1245 Conn the Arsonist (level 8, -7/51 HPs)
             Began as an Octopode Fire Elementalist on Apr 9, 2022.
             Was a High Priest of Sif Muna.
             Killed from afar by an orc sorcerer (31 damage)
             ... with a bolt of fire
             ... in the Dungeon (Sprint VII: "The Pits").
             The game lasted 00:08:15 (657 turns).

Conn the Arsonist (Octopode Fire Elementalist)       Turns: 657, Time: 00:08:16

Health: -7/51      AC:  1    Str:  7    XL:     8   Next: 50%
Magic:  5/20       EV: 14    Int: 20    God:    Sif Muna [*****.]
Gold:   0          SH:  0    Dex: 12    Spells: 11/24 levels left

rFire   . . .      SeeInvis .   g - +2 dagger
rCold   . . .      Faith    .   (no shield)
rNeg    . . .      Spirit   .   (helmet restricted)
rPois   .          Reflect  .   (no amulet)
rElec   .          Harm     .   (no ring)
rCorr   .          Rampage  .   (no ring)
Will    .....      NoTele   +   (no ring)
Stlth   +++++.....              (no ring)
HPRegen 0.17/turn               (no ring)
MPRegen 0.17/turn               (no ring)
                                (no ring)
                                (no ring)

@: lethally poisoned (-7 -> -10)
A: almost no armour, amphibious, 8 rings, camouflage 1, gelatinous body 1,
(nimble swimmer 1), tentacles
a: Renounce Religion, Channel Magic, Forget Spell, Divine Exegesis


You were in the Dungeon.
You worshipped Sif Muna.
Sif Muna was extremely pleased with you.
You visited 1 branch

Inventory:

Hand Weapons
 g - a +2 dagger (weapon)
Scrolls
 f - a scroll of blinking
 i - 5 scrolls of amnesia
 j - a scroll of summoning
Potions
 a - 4 potions of magic
 b - 6 potions of curing
 c - 6 potions of heal wounds
 d - a potion of haste
 e - 3 potions of berserk rage
 h - 2 potions of invisibility


   Skills:
 + Level 2.4 Fighting
 + Level 3.9 Short Blades
 + Level 5.2 Dodging
 + Level 9.4 Stealth
 + Level 8.7 Spellcasting
 * Level 4.9 Conjurations
 + Level 3.2 Hexes
 + Level 11.7 Fire Magic


You had 11 spell levels left.
You knew the following spells:

 Your Spells              Type           Power      Damage    Failure   Level
a - Foxfire               Conj/Fire      100%       2x1d9     1%          1
b - Conjure Flame         Conj/Fire      42%        6-21      1%          3
c - Inner Flame           Hex/Fire       38%        N/A       1%          3
d - Flame Wave            Conj/Fire      42%        2d9       2%          4
e - Scorch                Fire           100%       2d10      1%          2

Your spell library contained the following spells:

 Spells                   Type           Power      Damage    Failure   Level


Dungeon Overview and Level Annotations

Branches:
Dungeon (1/1)

Altars:
Ashenzari
Cheibriados
Dithmenos
Elyvilon
Fedhas
Gozag
Hepliaklqana
Kikubaaqudgha
Makhleb
Nemelex Xobeh
Okawaru
Qazlal
Ru
Sif Muna
Trog
Uskayaw
Vehumet
Wu Jian
Xom
Yredelemnul
Zin
The Shining One
Beogh
Jiyva
Lugonu


Innate Abilities, Weirdness & Mutations

You cannot wear most types of armour.
You are amphibious.
You can wear up to eight rings at the same time.
Your skin changes colour to match your surroundings (Stealth+).
Your rubbery body absorbs attacks. (AC +1, EV +1)
((You are camouflaged when in or above water. (Stealth+)))
You have tentacles for arms and can constrict up to eight enemies at once.


Message History

(Press . to intensify the flame waves.)
You feel very sick. The killer bee misses you.
The killer bee closely misses you.
A wave of flame ripples out!
The flame wave engulfs the killer bee!
You kill the killer bee!
Sif Muna accepts your kill.
The flame wave engulfs the killer bee!
You kill the killer bee!
Sif Muna accepts your kill.
The flame wave engulfs the orc!
You kill the orc!
Sif Muna accepts your kill.
The flame wave engulfs the orc sorcerer.
The orc sorcerer is moderately wounded.
You feel sick. The orc sorcerer casts a spell at you.
The bolt of fire misses you.
A wave of flame ripples out!
The flame wave engulfs the orc priest!
You kill the orc priest!
Sif Muna accepts your kill.
You see here Sif Muna's Volume of Evil and the Blaze {god gift}.
Sif Muna grants you a gift!
The flame wave engulfs the chaos spawn!
The chaos spawn is moderately wounded.
The flame wave engulfs the orc sorcerer!
The orc sorcerer is severely wounded.
You finish channelling waves of flame.
You feel sick.
Casting: Flame Wave (dangerous; 2% risk of failure)
Confirm with . or Enter, or press ? or * to list all spells.
Casting: Flame Wave (dangerous; 2% risk of failure)
Press: ? - help, Dir - look around, f - activate A wave of flame ripples out!
The flame wave engulfs the orc sorcerer.
The orc sorcerer is severely wounded. (Press . to intensify the flame waves.)
You feel sick.
The orc sorcerer points at you and mumbles some strange words.
The bolt of fire hits you!!
Ouch! That really hurt!
You die...

#.##'#....)##...<...#
#.#........##.......#
#.#........##.......#
#'###########.......#
#†......#†.##########
#.###...#.## ###
#.#.....#†# ...#
#.#...#.#'#))..#
#.....#.#@o4...+
#...###.#†#....#
#.......'.# ...#
########### ###


You could see a chaos spawn (summoned) and an orc sorcerer.

Vanquished Creatures
  Pikel (D)
  2 wargs (D)
  A floating eye (D)
  2 lemures (D)
  A bullfrog (D)
  A scorpion (D)
  5 killer bees (D)
  2 hounds (D)
  An orc priest (D)
  A mummy (D)
  2 ufetubi (D)
  A worm (D)
  4 orcs (D)
  A goblin (D)
  2 hobgoblins (D)
  2 quokkas (D)
  A ball python zombie (D)
  2 bats (D)
  A frilled lizard (D)
33 creatures vanquished.

Vanquished Creatures (others)
  13 foxfires (D)
13 creatures vanquished.

Grand Total: 46 creatures vanquished

Notes
Turn   | Place    | Note
-------+----------+-------------------------------------------
     0 | D        | Conn the Octopode Fire Elementalist began the quest for the
                  | Orb.
     0 | D        | Reached XP level 1. HP: 11/11 MP: 3/3
    10 | D        | Noticed a floating eye
    17 | D        | Paralysed by a floating eye for 3 turns
    24 | D        | Paralysed by a floating eye for 2 turns
    31 | D        | Paralysed by a floating eye for 3 turns
    40 | D        | Killed a floating eye
    41 | D        | Reached skill level 7 in Fire Magic
    41 | D        | Reached XP level 2. HP: 17/17 MP: 0/7
    41 | D        | Reached XP level 3. HP: 21/21 MP: 0/8
    41 | D        | Reached XP level 4. HP: 27/27 MP: 0/10
    45 | D        | Learned a level 3 spell: Conjure Flame
    49 | D        | Learned a level 3 spell: Inner Flame
    54 | D        | Learned a level 4 spell: Flame Wave
   153 | D        | Found a bloodstained altar of Trog.
   153 | D        | Found a shimmering blue altar of Sif Muna.
   153 | D        | Found a viscous altar of Jiyva.
   153 | D        | Found a hazy altar of Hepliaklqana.
   153 | D        | Found an opulent altar of Gozag.
   154 | D        | Found a glowing golden altar of the Shining One.
   154 | D        | Found a glowing silver altar of Zin.
   154 | D        | Found a basalt altar of Yredelemnul.
   154 | D        | Found a shimmering altar of Xom.
   154 | D        | Found an ornate altar of the Wu Jian Council.
   154 | D        | Found a sacrificial altar of Ru.
   154 | D        | Found a stormy altar of Qazlal.
   154 | D        | Found an iron altar of Okawaru.
   154 | D        | Found a sparkling altar of Nemelex Xobeh.
   154 | D        | Found a burning altar of Makhleb.
   154 | D        | Found a blossoming altar of Fedhas.
   154 | D        | Found a white marble altar of Elyvilon.
   154 | D        | Found a shadowy altar of Dithmenos.
   154 | D        | Found a snail-covered altar of Cheibriados.
   155 | D        | Found a radiant altar of Vehumet.
   155 | D        | Found a corrupted altar of Lugonu.
   156 | D        | Found an ancient bone altar of Kikubaaqudgha.
   156 | D        | Found a hide-covered altar of Uskayaw.
   156 | D        | Found a broken altar of Ashenzari.
   157 | D        | Became a worshipper of Sif Muna the Loreminder
   174 | D        | Noticed a scorpion
   189 | D        | Killed a scorpion
   190 | D        | Reached skill level 8 in Fire Magic
   190 | D        | Reached XP level 5. HP: 21/31 MP: 1/12
   287 | D        | Reached * piety under Sif Muna
   295 | D        | Learned a level 2 spell: Scorch
   300 | D        | Reached ** piety under Sif Muna
   357 | D        | Noticed a lemure
   357 | D        | Noticed a lemure
   357 | D        | Noticed a lemure
   358 | D        | Noticed Pikel
   358 | D        | Noticed a lemure
   367 | D        | Killed a lemure
   400 | D        | Killed a lemure
   401 | D        | Killed Pikel
   401 | D        | Reached *** piety under Sif Muna
   402 | D        | Reached skill level 1 in Fighting
   402 | D        | Reached skill level 10 in Fire Magic
   402 | D        | Reached XP level 6. HP: 39/39 MP: 6/16
   402 | D        | Reached XP level 7. HP: 44/44 MP: 6/17
   404 | D        | Noticed a warg
   529 | D        | Killed a warg
   530 | D        | Reached skill level 11 in Fire Magic
   536 | D        | Reached skill level 5 in Dodging
   632 | D        | Reached **** piety under Sif Muna
   637 | D        | Noticed a warg
   643 | D        | Killed a warg
   643 | D        | Reached ***** piety under Sif Muna
   644 | D        | Reached XP level 8. HP: 50/50 MP: 20/20
   650 | D        | Noticed an orc sorcerer
   652 | D        | Received a gift from Sif Muna
   656 | D        | Received a gift from Sif Muna
   657 | D        | Killed from afar by an orc sorcerer

Illustrated notes

Levels and vault maps discovered:
D:        pitsprint [storerooms_1, entrance_room_1, metal_vault_6, armoury_2,
          mini_pit_1, grid_room_1, main_hall_1, silver_pit, the_coven_3,
          the_vestibule_1, steel_vault_1, golden_pit, hallway_of_sentries,
          crystal_vault_2, iron_vault_4, final_vault]

Skill      XL: |  1  2  3  4  5  6  7  8 |
---------------+-------------------------+-----
Dodging        | 3 4 5 |  5.2
Stealth        | 4 8 9 |  9.4
Spellcasting   | 4 7 8 |  8.7
Fire Magic     | 7 8 10 11 | 11.7
Conjurations   | 2 4 |  4.9
Fighting       | 1 2 |  2.4
Short Blades   | 3 |  3.9
Hexes          | 2 3 |  3.2

Action                   |  1- 3 |  4- 6 |  7- 9 || total
-------------------------+-------+-------+-------++-------
Melee: Tentacles         |     2 |     1 |     1 ||     4
       Unarmed           |     2 |       |       ||     2
       Constrict         |     1 |     2 |     1 ||     4
       Dagger            |       |     9 |     6 ||    15
 Cast: Foxfire           |     3 |     4 |     1 ||     8
       Inner Flame       |       |     5 |     2 ||     7
       Scorch            |       |     5 |     5 ||    10
       Conjure Flame     |       |     1 |     1 ||     2
       Flame Wave        |       |       |     3 ||     3
  Use: Potion            |       |     1 |       ||     1
 Stab: Sleeping          |       |     4 |     5 ||     9
Armor: Skin              |       |     3 |       ||     3
Dodge: Dodged            |       |    14 |     7 ||    21

Table legend: (Time is in decaauts)
 A = Elapsed time spent in this place.
 B = Non-inter-level travel time spent in this place.
 C = Inter-level travel time spent in this place.
 D = Time resting spent in this place.
 E = Time spent auto-exploring this place.
 F = Levels seen in this place.
 G = Mean time per level.
                   A        B        C        D        E       F      G
               +--------+--------+--------+--------+--------+-----+--------+
         Total |    655 |    655 |      0 |    340 |      0 |   1 |  655.0 |
       Dungeon |    655 |    655 |      0 |    340 |      0 |   1 |  655.0 |
               +--------+--------+--------+--------+--------+-----+--------+

Top non-repeatable levels by time:
       D: 655 daAuts
